 Dungeon Crawl Stone Soup version 0.27-a0-67-g4bfc8a49e1 (webtiles) character file.

Game seed: 12597117991299304376

274 Borgoz the Skirmisher (level 6, -3/55 HPs)
             Began as a Ghoul Abyssal Knight on Jan 9, 2021.
             Was a Believer of Lugonu.
             Slain by an orc warrior
             ... wielding a +0 dire flail
              (29 damage)
             ... on level 3 of the Dungeon.
             The game lasted 00:03:24 (3492 turns).

Borgoz the Skirmisher (Ghoul Abyssal Knight)        Turns: 3492, Time: 00:03:24

Health: -3/55      AC:  3    Str: 16    XL:     6   Next: 24%
Magic:  7/7        EV: 12    Int:  7    God:    Lugonu [**....]
Gold:   216        SH:  0    Dex: 10    Spells: 5/5 levels left

rFire    . . .     SeeInvis .     - Unarmed
rCold    + . .     Faith    .   (no shield)
rNeg     + + +     Spirit   .   a - +0 leather armour
rPois    ∞         Reflect  .   (no helmet)
rElec    .         Harm     .   (no cloak)
rCorr    .         Rampage  .   (no gloves)
Will     .....                  (no boots)
Stlth    +.........             (no amulet)
HPRegen  0.00/turn              (no ring)
MPRegen  0.10/turn              (no ring)

@: no status effects
A: claws 1, cold resistance 1, negative energy resistance 3, inhibited
regeneration, torment resistance, unbreathing
a: Renounce Religion, Depart the Abyss, Bend Space


You were on level 3 of the Dungeon.
You worshipped Lugonu.
Lugonu was pleased with you.
You visited 1 branch of the dungeon, and saw 3 of its levels.
You visited the Abyss 1 time.

You collected 216 gold pieces.

Inventory:

Armour
 a - a +0 leather armour (worn)
Scrolls
 b - a scroll of noise {unknown}
 c - 2 scrolls of enchant armour {unknown}
 e - a scroll of fear {unknown}
 f - 2 scrolls of remove curse {unknown}
 h - a scroll of fog {unknown}
 i - a scroll of identify {unknown}
 j - a scroll of amnesia {unknown}
Potions
 d - 2 potions of magic


   Skills:
 * Level 4.8 Fighting
 * Level 3.1 Armour
 * Level 2.8 Dodging
 + Level 3.0 Unarmed Combat
 + Level 3.0 Invocations


You had 5 spell levels left.
You didn't know any spells.
Your spell library was empty.

Dungeon Overview and Level Annotations

Branches:
Dungeon (3/15)

Altars:


Innate Abilities, Weirdness & Mutations

You thrive by killing the living.
You are immune to poison.
You have sharp fingernails.
Your flesh is cold resistant. (rC+)
You are immune to negative energy. (rN+++)
You do not regenerate when monsters are visible.
You are immune to unholy pain and torment.
You can survive without breathing.


Message History

The bat barely misses you. The bat hits you but does no damage.
The bat closely misses you. x2
The bat closely misses you. The bat hits you but does no damage.
The bat misses you. The bat hits you but does no damage.
You scratch the bat.
You kill the bat!
Lugonu accepts your kill.
You feel better.
You closely miss the orc. The orc barely misses you.
You scratch the orc but do no damage. The orc hits you but does no damage.
You barely miss the orc. The orc barely misses you.
You scratch the orc.
The orc is moderately wounded.
You closely miss the orc warrior. You scratch the orc warrior.
The orc warrior is lightly wounded.
The orc warrior hits you with a +0 dire flail!!
Ouch! That really hurt!
You die...

############.# #.#
...>...ooo...# #)#
.....######### #)#
........### #.#
..........# #.#
(.###..>..#########.#
...##...............#
...##.....############
...........roooo@....#
.#..........########.#
.#[...............
.#..........######
.#.........##
.......r...#
...........#
...........#
...#.#.......


You could see an orc warrior, 3 orcs and a rat.

Vanquished Creatures
  An ice beast (D:3)
  A scorpion (D:2)
  An orc wizard (D:3)
  An adder (D:2)
  A white imp (D:2)
  An ooze (D:1)
  2 dart slugs
  2 leopard geckos (D:3)
  3 orcs (D:3)
  3 giant cockroaches
  5 goblins
  7 hobgoblins
  12 jackals
  A quokka (D:3)
  3 ball pythons
  16 bats
  2 frilled lizards (D:1)
  4 kobolds
  8 rats
74 creatures vanquished.

Notes
Turn   | Place    | Note
-------+----------+-------------------------------------------
     0 | Abyss:1  | Borgoz the Ghoul Abyssal Knight began the quest for the
                  | Orb.
     0 | Abyss:1  | Reached XP level 1. HP: 19/19 MP: 1/1
     0 | D:1      | Escaped the Abyss
    56 | D:1      | Reached skill level 1 in Dodging
   118 | D:1      | Reached * piety under Lugonu
   156 | D:1      | Reached XP level 2. HP: 26/26 MP: 2/2
   675 | D:1      | Reached XP level 3. HP: 30/31 MP: 3/3
  1446 | D:2      | Reached XP level 4. HP: 38/40 MP: 4/4
  1498 | D:2      | Reached ** piety under Lugonu
  1919 | D:3      | Reached skill level 4 in Fighting
  2160 | D:3      | Noticed an orc warrior
  2529 | D:2      | Reached XP level 5. HP: 15/47 MP: 4/6
  3062 | D:3      | Noticed an ice beast
  3085 | D:3      | Killed an ice beast
  3086 | D:3      | Reached XP level 6. HP: 12/53 MP: 7/7
  3492 | D:3      | Slain by an orc warrior

Illustrated notes

Levels and vault maps discovered:
D:1:      amcnicky_arrival_flooded_fountain, layout_basic, grunt_decor_cap
D:2:      layout_basic
D:3:      layout_basic

Skill      XL: |  1  2  3  4  5 |
---------------+----------------+-----
Dodging        | 1 2 |  2.8
Armour         | 2 3 |  3.1
Fighting       | 4 |  4.8
Unarmed Combat | 3 |  3.0
Invocations    | 3 |  3.0

Action                   |  1- 3 |  4- 6 || total
-------------------------+-------+-------++-------
Melee: Unarmed           |   120 |   206 ||   326
       Punch             |     1 |     2 ||     3
Invok: Depart the Abyss  |     1 |       ||     1
  Use: Potion            |       |     5 ||     5
Armor: Leather armour    |    38 |    72 ||   110
Dodge: Dodged            |    83 |   176 ||   259

Table legend: (Time is in decaauts)
 A = Elapsed time spent in this place.
 B = Non-inter-level travel time spent in this place.
 C = Inter-level travel time spent in this place.
 D = Time resting spent in this place.
 E = Time spent auto-exploring this place.
 F = Levels seen in this place.
 G = Mean time per level.
                   A        B        C        D        E       F      G
               +--------+--------+--------+--------+--------+-----+--------+
         Total |   3478 |   3413 |     65 |    843 |   1996 |   4 |  869.5 |
       Dungeon |   3478 |   3413 |     65 |    843 |   1996 |   3 | 1159.3 |
         Abyss |      0 |      0 |      0 |      0 |      0 |   1 |    0.0 |
               +--------+--------+--------+--------+--------+-----+--------+

Top non-repeatable levels by time:
     D:2: 1466 daAuts
     D:3: 1050 daAuts
     D:1: 961 daAuts
